 Dungeon Crawl Stone Soup version 0.29.1-15-g9cfb28693d (webtiles) character file.

Game seed: 11652110656099738498

48 Gustavia the Trooper (level 3, -2/29 HPs)
             Began as a Demonspawn Chaos Knight on Mar 20, 2023.
             Was a Plaything of Xom.
             Slain by a worm (9 damage)
             ... on level 2 of the Dungeon.
             The game lasted 00:09:04 (2325 turns).

Gustavia the Trooper (Demonspawn Chaos Knight)      Turns: 2325, Time: 00:09:05

Health: -2/29      AC:  4    Str: 12    XL:     3   Next: 50%
Magic:  3/3        EV: 11    Int: 13    God:    Xom [..*...]
Gold:   101        SH:  0    Dex: 14    Spells: 2/2 levels left

rFire   . . .      SeeInvis +   a - +0 short sword (vorpal)
rCold   . . .      Faith    .   (no shield)
rNeg    . . .      Spirit   .   g - +0 robe
rPois   .          Reflect  .   (helmet restricted)
rElec   .          Harm     .   (no cloak)
rCorr   +          Rampage  .   (no gloves)
Will    .....                   d - +0 pair of boots
Stlth   ++........              (no amulet)
HPRegen 0.09/turn               b - ring of see invisible
MPRegen 0.08/turn               e - ring of resist corrosion

@: no status effects
A: demonic guardian 1, horns 1, shaggy fur 1, noise suppression
a: Renounce Religion


You were on level 2 of the Dungeon.
You worshipped Xom.
You were a BORING thing.
You visited 1 branch of the dungeon, and saw 2 of its levels.

You collected 101 gold pieces.

Inventory:

Hand Weapons
 a - a +0 vorpal short sword (weapon)
Armour
 d - a +0 pair of boots (worn)
 g - a +0 robe (worn)
Jewellery
 b - a ring of see invisible (left hand)
 e - a ring of resist corrosion (right hand)
Miscellaneous
 c - a piece from Xom's chessboard (15/15) (quivered)


   Skills:
 + Level 3.6 Fighting
 + Level 3.3 Short Blades
 + Level 1.9 Armour
 + Level 1.0 Dodging
 + Level 0.6 Stealth


You had 2 spell levels left.
You didn't know any spells.
Your spell library contained the following spells:

 Spells                   Type           Power      Damage    Failure   Level
 Confusing Touch          Hex            0%         N/A       67%         3
 Yara's Violent Unravell  Hex/Tmut       0%         3d3       100%        5
 Enfeeble                 Hex            0%         N/A       100%        7


Dungeon Overview and Level Annotations

Branches:
Dungeon (2/15)

Altars:

Shops:
D:2 :

Annotations:
D:2 Terence


Innate Abilities, Weirdness & Mutations

A weak demonic guardian rushes to your aid.
You have a pair of small horns on your head.
You are covered in fur. (AC +1)
You passively dampen the noise of your surroundings.


Message History

The hobgoblin hits you but does no damage.
You hit the hobgoblin but do no damage. The hobgoblin barely misses you.
You closely miss the hobgoblin. Your headbutt misses the hobgoblin.
The hobgoblin closely misses you.
You hit the hobgoblin but do no damage. The hobgoblin completely misses you.
You hit the hobgoblin but do no damage. The hobgoblin hits you.
You hit the hobgoblin. Your headbutt misses the hobgoblin.
The hobgoblin is almost dead.
The hobgoblin barely misses you.
You hit the hobgoblin.
You kill the hobgoblin!
You see here a hobgoblin corpse.
You now have 101 gold pieces (gained 9).
Xom is getting BORED.
You are now a BORING thing.
You open the door.
There is an open door here.
A worm comes into view.
You barely miss the worm. The worm bites you.
You hit the worm.
The worm is lightly wounded.
The worm bites you.
You hit the worm.
The worm is lightly wounded.
You hit the worm.
The worm is moderately wounded.
The worm bites you!
* * * LOW HITPOINT WARNING * * *
A shower of butterflies erupts from you!
You barely miss the worm.
The worm is moderately wounded.
You hit the worm. Your headbutt misses the worm.
The worm is severely wounded.
The worm closely misses you.
You hit the worm but do no damage.
The worm is severely wounded.
You barely miss the worm.
The worm is severely wounded.
The worm bites you!
You die...

### ### #.#####.# #bbbb...#
#@#####.# #w# #.# #b#
#.###### ####♣## #.# #......#
..♣.∩.♣#########+### #......#
###.♣...#..........# #......#
........#..........# #......#
####....#..[.......###'######
# #....########'##.....#


You could see a worm (ally target).

Vanquished Creatures
  An adder (D:2)
  3 ball pythons
  A bat (D:2)
  3 endoplasms
  4 goblins
  4 hobgoblins
  2 jackals (D:2)
  A kobold (D:1)
  5 quokkas
  2 frilled lizards
  5 rats
31 creatures vanquished.

Vanquished Creatures (collateral kills)
  A dart slug (D:1)
1 creature vanquished.

Grand Total: 32 creatures vanquished

Notes
Turn   | Place    | Note
-------+----------+-------------------------------------------
     0 | D:1      | Gustavia the Demonspawn Chaos Knight began the quest for
                  | the Orb.
     0 | D:1      | Reached XP level 1. HP: 18/18 MP: 1/1
    63 | D:1      | Found a faded altar of an unknown god.
   152 | D:1      | Reached skill level 1 in Dodging
   217 | D:1      | Gained mutation: A weak demonic guardian rushes to your
                  | aid. [demonic ancestry]
   217 | D:1      | Reached XP level 2. HP: 13/24 MP: 2/2
   712 | D:1      | XOM: smoke on damage
   849 | D:1      | XOM: divination: detect items
   888 | D:1      | XOM: silly message
   964 | D:1      | XOM: divination: detect creatures
  1000 | D:1      | XOM: silly message
  1574 | D:1      | XOM: 4-stop teleportation journey
  1718 | D:2      | Noticed Terence
  1718 | D:2      | XOM: 4-stop teleportation journey
  1735 | D:2      | XOM: give mutations
  1735 | D:2      | Gained mutation: You have a pair of small horns on your
                  | head. [Xom's grace]
  1735 | D:2      | Gained mutation: You are covered in fur. (AC +1) [Xom's
                  | grace]
  1735 | D:2      | Gained mutation: You passively dampen the noise of your
                  | surroundings. [Xom's grace]
  1883 | D:2      | Reached XP level 3. HP: 27/29 MP: 3/3
  2012 | D:2      | XOM: god gift: 18 gold pieces
  2164 | D:2      | Found Qusosek's Book Shop.
  2321 | D:2      | XOM: butterfly on damage
  2325 | D:2      | Slain by a worm

Illustrated notes

Levels and vault maps discovered:
D:1:      saegor_arrival_simple_d, layout_basic, basic_ecumenical_altar
D:2:      layout_basic, serial_shops, nicolae_shop_trees, uniq_terence

Skill      XL: |  1  2 |
---------------+-------+-----
Dodging        | 1 |  1.0
Short Blades   | 3 |  3.3
Fighting       | |  3.6
Armour         | |  1.9
Stealth        | |  0.6

Action                   || total
-------------------------++-------
Melee: Short sword       ||   102
       Punch             ||     1
       Headbutt          ||     3
  Use: Scroll            ||     5
       Potion            ||     2
 Stab: Sleeping          ||     3
       Distracted        ||     1
Armor: Skin              ||     6
       Robe              ||     3
Dodge: Dodged            ||    50
